Washington Capitals vs Detroit Red Wings
Created - Sunday, May 21, 2023 at 07:00
Goals
|
| Washington Capitals |
1 |
1 |
1 |
3 |
| Detroit Red Wings |
2 |
0 |
0 |
2 |
|
Shots
|
| Washington Capitals |
14 |
9 |
18 |
41 |
| Detroit Red Wings |
19 |
10 |
7 |
36 |
|
1st period
1. Detroit Red Wings , Daniel Sprong 2 (Jason Spezza 10, Jason Zucker 8) at 1:08
2. Washington Capitals , Brayden Point 29 (Alex Ovechkin 25, Patrick Kane 45) at 3:03
3. Detroit Red Wings , Jonathan Huberdeau 25 (Auston Matthews 38) at 7:20 (PP)
Penalties :
Erik Cernak (WSH) for Hooking (Minor) at 7:17, Shayne Gostisbehere (DET) for Tripping (Minor) at 13:45, Kris Letang (DET) for Roughing (Minor) at 0:00
2nd period
4. Washington Capitals , Jason Robertson 17 (Brad Marchand 26, Brayden Point 42) at 4:51
Penalties :
No Penalty
3rd period
5. Washington Capitals , Nico Hischier 14 (Jason Robertson 24, Brad Marchand 27) at 16:07
Penalties :
Nick Ritchie (DET) for Boarding (Minor) at 7:17
Goalie Stats
Jake Oettinger (WSH), 34 saves from 36 shots - (0.944), W, 32-18-2, 60:00 minutes
Semyon Varlamov (DET), 38 saves from 41 shots - (0.927), L, 19-11-3, 59:57 minutes
Players Stats for Washington Capitals
Player Name G A P +/- PIM S H SB GA TA FO MP PP MP PK MP
------------------------------------------------------------------------------------
Alex Ovechkin 0 1 1 1 0 1 1 0 0 0 0/1 22:07 3:21 0:00
Barrett Hayton 0 0 0 0 0 2 1 0 0 0 4/8 15:02 2:37 0:00
Brad Marchand 0 2 2 2 0 2 3 0 2 1 1/1 18:17 2:37 0:03
Brayden Point 1 1 2 1 0 9 4 0 0 1 23/37 22:07 3:21 0:00
Connor Murphy 0 0 0 1 0 0 1 0 0 1 0/0 19:49 2:19 0:03
Drake Batherson 0 0 0 0 0 2 1 0 2 0 1/1 11:40 0:00 0:00
Erik Cernak 0 0 0 1 2 3 2 1 0 2 0/0 28:05 3:39 0:00
Fabian Zetterlund 0 0 0 -1 0 1 1 0 0 1 0/0 7:56 0:00 0:00
Ian Cole 0 0 0 0 0 1 1 0 0 0 0/0 12:05 0:00 0:00
Isac Lundestrom 0 0 0 -1 0 0 0 1 0 0 2/7 8:42 0:00 0:03
Jason Robertson 1 1 2 2 0 5 0 0 0 0 0/0 17:31 2:37 0:00
John Carlson 0 0 0 1 0 4 2 3 0 1 0/0 28:06 3:39 0:00
Jordan Kyrou 0 0 0 0 0 3 1 0 0 0 0/0 11:40 0:00 0:00
Nick Jensen 0 0 0 0 0 1 2 2 0 0 0/0 12:08 0:00 0:03
Nico Hischier 1 0 1 2 0 3 1 1 0 0 10/17 14:52 0:00 0:00
Nikita Zaitsev 0 0 0 1 0 0 3 2 2 2 0/0 19:46 2:19 0:00
Owen Tippett 0 0 0 -1 0 0 1 0 0 0 0/0 7:56 0:00 0:00
Patrick Kane 0 1 1 1 0 4 1 1 0 0 0/0 22:07 3:21 0:00
Players Stats for Detroit Red Wings
Player Name G A P +/- PIM S H SB GA TA FO MP PP MP PK MP
------------------------------------------------------------------------------------
Arthur Kaliyev 0 0 0 -2 0 1 2 0 0 0 0/1 18:43 0:00 0:00
Auston Matthews 0 1 1 -2 0 3 0 1 2 0 12/32 22:31 0:03 2:59
Brock Nelson 0 0 0 0 0 3 0 0 0 0 4/8 13:20 0:03 2:59
Daniel Sprong 1 0 1 1 0 4 1 0 0 0 0/0 8:04 0:00 0:00
Jamie Drysdale 0 0 0 1 0 1 0 1 0 0 0/0 15:15 0:00 0:24
Jared McCann 0 0 0 -1 0 6 0 0 0 2 1/3 16:11 0:00 0:00
Jason Spezza 0 1 1 1 0 1 0 0 1 0 2/2 8:04 0:00 0:00
Jason Zucker 0 1 1 1 0 1 0 0 0 0 0/0 8:04 0:00 0:00
Jonathan Huberdeau 1 0 1 -2 0 4 1 0 2 0 1/3 19:29 0:03 0:00
Keith Yandle 0 0 0 1 0 0 0 0 0 0 0/0 11:49 0:00 0:58
Kris Letang 0 0 0 -3 2 1 4 3 2 1 0/0 28:36 0:03 2:40
MacKenzie Weegar 0 0 0 -3 0 0 2 2 0 0 0/0 24:58 0:03 3:02
Michael Del Zotto 0 0 0 0 0 1 1 2 0 0 0/0 20:11 0:00 2:56
Mika Zibanejad 0 0 0 -1 0 2 1 4 1 0 10/21 19:53 0:00 2:59
Nick Ritchie 0 0 0 0 2 2 1 0 0 0 0/0 10:14 0:00 0:00
Sean Couturier 0 0 0 -1 0 4 1 1 0 0 1/1 19:10 0:00 2:59
Shayne Gostisbehere 0 0 0 0 2 1 1 0 1 3 0/0 19:13 0:00 1:56
Tyler Ennis 0 0 0 0 0 1 1 1 0 0 0/1 10:15 0:00 0:00
3 Stars
1 - Brayden Point (WSH)
2 - Jason Robertson (WSH)
3 - Brad Marchand (WSH)
Power Play
Washington Capitals - 0 on 3 Attempt(s) - 0.00%
Detroit Red Wings - 1 on 1 Attempt(s) - 100.00%
Penalty Kill
Washington Capitals - 0 on 1 Attempt(s) - 0.00%
- Score 0 goal in Penalty Kill
Detroit Red Wings - 3 on 3 Attempt(s) - 100.00%
- Score 0 goal in Penalty Kill
Team Stat
Washington Capitals - Hits : 26 - Faceoff Wins : 41 - Blocked Shots : 11 - Penalty Minutes : 2
Detroit Red Wings - Hits : 16 - Faceoff Wins : 31 - Blocked Shots : 15 - Penalty Minutes : 6
Official
Referees : Brad Meier and Kelly Sutherland
Linesman : Matt MacPherson and Mark Shewchyk
Game Notes
No Game Note
Finance
Level 1 -- Attendance: 4542 (75.70%) -- Ticket Income $454,200
Level 2 -- Attendance: 3715 (74.30%) -- Ticket Income $222,900
Level 3 -- Attendance: 2594 (86.47%) -- Ticket Income $90,790
Level 4 -- Attendance: 3733 (74.66%) -- Ticket Income $93,325
Luxury Box -- Attendance: 730 (73.00%) -- Ticket Income $146,000
Game was played at the Joe Louis Arena.
Total Attendance: 15314 (76.57%)
Total Ticket Income: $1,007,215
Other Income: $352,525
Total Income: $1,359,740
Washington Capitals
5 vs 5 Forward
Center Left Wing Right Wing Time % Phy DF OF
1 Brayden Point Alex Ovechkin Patrick Kane 40 1 2 2
2 Nico Hischier Brad Marchand Jason Robertson 30 1 2 2
3 Barrett Hayton Jordan Kyrou Drake Batherson 20 1 2 2
4 Isac Lundestrom Fabian Zetterlund Owen Tippett 10 1 2 2
5 vs 5 Defense
Defense Defense Time % Phy DF OF
1 John Carlson Erik Cernak 40 1 2 2
2 Connor Murphy Nikita Zaitsev 30 1 2 2
3 Ian Cole Nick Jensen 20 1 2 2
4 John Carlson Erik Cernak 10 1 2 2
PowerPlay Forward
Center Left Wing Right Wing Time % Phy DF OF
1 Brayden Point Alex Ovechkin Patrick Kane 60 1 2 2
2 Barrett Hayton Brad Marchand Jason Robertson 40 1 2 2
PowerPlay Defense
Defense Defense Time % Phy DF OF
1 John Carlson Erik Cernak 60 1 2 2
2 Connor Murphy Nikita Zaitsev 40 1 2 2
Penalty Kill 4 Players Forward
Center Wing Time % Phy DF OF
1 Isac Lundestrom Brad Marchand 60 1 2 2
2 Nico Hischier Barrett Hayton 40 1 2 2
Penalty Kill 4 Players Defense
Defense Defense Time % Phy DF OF
1 Erik Cernak Nikita Zaitsev 60 1 2 2
2 Connor Murphy Nick Jensen 40 1 2 2
Penalty Kill - 3 Players Forward
Forward Time % Phy DF OF
1 Isac Lundestrom 60 1 2 2
2 Brad Marchand 40 1 2 2
Penalty Kill - 3 Players Defense
Defense Defense Time % Phy DF OF
1 Erik Cernak Nikita Zaitsev 60 1 2 2
2 Connor Murphy Nick Jensen 40 1 2 2
4 vs 4 Forward
Center Wing Time % Phy DF OF
1 Brayden Point Alex Ovechkin 60 1 2 2
2 Nico Hischier Patrick Kane 40 1 2 2
4 vs 4 Defense
Defense Defense Time % Phy DF OF
1 John Carlson Erik Cernak 60 1 2 2
2 Connor Murphy Nikita Zaitsev 40 1 2 2
Last Minutes Offensive
Center Left Wing Right Wing Defense Defense
Brayden Point Alex Ovechkin Patrick Kane John Carlson Erik Cernak
Last Minutes Defensive
Center Left Wing Right Wing Defense Defense
Isac Lundestrom Barrett Hayton Brad Marchand John Carlson Erik Cernak
Goaltenders
Starting : Jake Oettinger
Backup : Vitek Vanecek
Extra Forwards
Normal : Isac Lundestrom, Drake Batherson, Jordan Kyrou - PP : Isac Lundestrom, Drake Batherson - PK : Jordan Kyrou
Extra Defensemen
Normal : Ian Cole, Erik Cernak, Connor Murphy - PP : Ian Cole - PK : Erik Cernak, Connor Murphy
Penalty Shots
Brayden Point, Alex Ovechkin, Patrick Kane, Brad Marchand, Jason Robertson
Detroit Red Wings
5 vs 5 Forward
Center Left Wing Right Wing Time % Phy DF OF
1 Auston Matthews Jonathan Huberdeau Arthur Kaliyev 40 1 2 2
2 Mika Zibanejad Jared McCann Sean Couturier 30 1 2 2
3 Brock Nelson Tyler Ennis Nick Ritchie 20 1 2 2
4 Jason Spezza Jason Zucker Daniel Sprong 10 1 2 2
5 vs 5 Defense
Defense Defense Time % Phy DF OF
1 Kris Letang MacKenzie Weegar 40 1 2 2
2 Michael Del Zotto Shayne Gostisbehere 30 1 2 2
3 Jamie Drysdale Keith Yandle 20 1 2 2
4 Kris Letang Jamie Drysdale 10 1 2 2
PowerPlay Forward
Center Left Wing Right Wing Time % Phy DF OF
1 Auston Matthews Jonathan Huberdeau Brock Nelson 50 1 2 2
2 Mika Zibanejad Jared McCann Sean Couturier 50 1 2 2
PowerPlay Defense
Defense Defense Time % Phy DF OF
1 Kris Letang MacKenzie Weegar 50 1 2 2
2 Shayne Gostisbehere Jamie Drysdale 50 1 2 2
Penalty Kill 4 Players Forward
Center Wing Time % Phy DF OF
1 Auston Matthews Brock Nelson 50 1 2 2
2 Mika Zibanejad Sean Couturier 50 1 2 2
Penalty Kill 4 Players Defense
Defense Defense Time % Phy DF OF
1 Kris Letang MacKenzie Weegar 50 1 2 2
2 Shayne Gostisbehere Michael Del Zotto 50 1 2 2
Penalty Kill - 3 Players Forward
Forward Time % Phy DF OF
1 Mika Zibanejad 50 1 2 2
2 Sean Couturier 50 1 2 2
Penalty Kill - 3 Players Defense
Defense Defense Time % Phy DF OF
1 Kris Letang MacKenzie Weegar 50 1 2 2
2 Shayne Gostisbehere Jamie Drysdale 50 1 2 2
4 vs 4 Forward
Center Wing Time % Phy DF OF
1 Auston Matthews Jonathan Huberdeau 60 1 2 2
2 Mika Zibanejad Sean Couturier 40 1 2 2
4 vs 4 Defense
Defense Defense Time % Phy DF OF
1 Kris Letang MacKenzie Weegar 60 1 2 2
2 Shayne Gostisbehere Jamie Drysdale 40 1 2 2
Last Minutes Offensive
Center Left Wing Right Wing Defense Defense
Auston Matthews Jonathan Huberdeau Mika Zibanejad Kris Letang MacKenzie Weegar
Last Minutes Defensive
Center Left Wing Right Wing Defense Defense
Auston Matthews Sean Couturier Mika Zibanejad Kris Letang MacKenzie Weegar
Goaltenders
Starting : Semyon Varlamov
Backup : Sergei Bobrovsky
Extra Forwards
Normal : Sean Couturier, Daniel Sprong, Arthur Kaliyev - PP : Jason Spezza, Nick Ritchie - PK : Jason Spezza
Extra Defensemen
Normal : Michael Del Zotto, Keith Yandle, Shayne Gostisbehere - PP : Keith Yandle - PK : Michael Del Zotto, Keith Yandle
Penalty Shots
Mika Zibanejad, Jonathan Huberdeau, Auston Matthews, Sean Couturier, Kris Letang
% Time on Ice - Washington Capitals
Lines # - Real PCT - Wanted PCT - Time Play
Normal Forward
1 - 35% - 40% - 18:46
2 - 28% - 30% - 14:54
3 - 22% - 20% - 11:40
4 - 15% - 10% - 7:56
Normal Defense
1 - 39% - 40% - 20:33
2 - 33% - 30% - 17:27
3 - 23% - 20% - 12:05
4 - 6% - 10% - 3:11
PP Forward
1 - 56% - 60% - 3:21
2 - 44% - 40% - 2:37
PP Defense
1 - 61% - 60% - 3:39
2 - 39% - 40% - 2:19
PK Forward
1 - 100% - 60% - 0:03
2 - 0% - 40% - 0:00
PK Defense
1 - 0% - 60% - 0:00
2 - 100% - 40% - 0:03
PK3 Forward
1 - 0% - 60%
2 - 0% - 40%
PK3 Defense
1 - 0% - 60%
2 - 0% - 40%
44 Forward
1 - 0% - 60%
2 - 0% - 40%
44 Defense
1 - 0% - 60%
2 - 0% - 40%
Last Minute Offensive - 0:00
Last Minute Defensive - 0:43
Total
Forward - 60:00
Defense - 60:00
|
% Time on Ice - Detroit Red Wings
Lines # - Real PCT - Wanted PCT - Time Play
Normal Forward
1 - 35% - 40% - 18:46
2 - 30% - 30% - 16:11
3 - 19% - 20% - 10:15
4 - 15% - 10% - 8:04
Normal Defense
1 - 40% - 40% - 21:10
2 - 32% - 30% - 17:15
3 - 20% - 20% - 10:51
4 - 8% - 10% - 4:00
PP Forward
1 - 100% - 50% - 0:03
2 - 0% - 50% - 0:00
PP Defense
1 - 100% - 50% - 0:03
2 - 0% - 50% - 0:00
PK Forward
1 - 50% - 50% - 2:59
2 - 50% - 50% - 2:59
PK Defense
1 - 51% - 50% - 3:02
2 - 49% - 50% - 2:56
PK3 Forward
1 - 0% - 50%
2 - 0% - 50%
PK3 Defense
1 - 0% - 50%
2 - 0% - 50%
44 Forward
1 - 0% - 60%
2 - 0% - 40%
44 Defense
1 - 0% - 60%
2 - 0% - 40%
Last Minute Offensive - 0:43
Last Minute Defensive - 0:00
Total
Forward - 60:00
Defense - 60:00
|
Play-by-Play
1st period
0:01 of 1st period - Brayden Point wins face-off versus Auston Matthews in neutral zone.
0:03 of 1st period - Off-side.
0:04 of 1st period - Brayden Point wins face-off versus Auston Matthews in neutral zone.
0:07 of 1st period - Wrist shot by Alex Ovechkin.
0:07 of 1st period - Deflect By Brayden Point.
0:07 of 1st period - Shot Blocked by Auston Matthews.
0:07 of 1st period - Puck is out of play.
0:08 of 1st period - Jonathan Huberdeau wins face-off versus Brayden Point in Detroit Red Wings zone.
0:37 of 1st period - Snap shot by Jason Robertson.
0:37 of 1st period - Shot Misses the Net.
0:39 of 1st period - Snap shot by Nico Hischier.
0:39 of 1st period - Shot Misses the Net.
0:41 of 1st period - Snap shot by Erik Cernak.
0:41 of 1st period - Stopped by Semyon Varlamov without a rebound.
0:42 of 1st period - Drake Batherson wins face-off versus Tyler Ennis in Detroit Red Wings zone.
0:53 of 1st period - Slapshot by Jordan Kyrou.
0:53 of 1st period - Deflect By Drake Batherson.
0:53 of 1st period - Stopped by Semyon Varlamov without a rebound.
0:54 of 1st period - Jason Spezza wins face-off versus Isac Lundestrom in Detroit Red Wings zone.
0:54 of 1st period - Jason Spezza is hit by Ian Cole.
1:04 of 1st period - Wrist shot by Jason Zucker.
1:04 of 1st period - Shot Blocked by Isac Lundestrom.
1:06 of 1st period - Snap shot by Jason Spezza.
1:06 of 1st period - Deflect By Daniel Sprong.
1:06 of 1st period - Stopped by Jake Oettinger with a rebound.
1:08 of 1st period - Slapshot by Daniel Sprong.
1:08 of 1st period - Goal by Daniel Sprong - Washington Capitals : 0 - Detroit Red Wings : 1.
1:09 of 1st period - Nico Hischier wins face-off versus Mika Zibanejad in neutral zone.
1:42 of 1st period - Snap shot by Auston Matthews.
1:42 of 1st period - Stopped by Jake Oettinger without a rebound.
1:43 of 1st period - Brock Nelson wins face-off versus Barrett Hayton in Washington Capitals zone.
2:08 of 1st period - Auston Matthews is hit by Erik Cernak and loses puck.
2:15 of 1st period - Slapshot by Brayden Point.
2:15 of 1st period - Deflect By Alex Ovechkin.
2:15 of 1st period - Shot Misses the Net.
2:15 of 1st period - Puck is out of play.
2:16 of 1st period - Nico Hischier wins face-off versus Mika Zibanejad in Detroit Red Wings zone.
2:19 of 1st period - Wrist shot by Jason Robertson.
2:19 of 1st period - Deflect By Brad Marchand.
2:19 of 1st period - Shot Misses the Net.
2:19 of 1st period - Puck is out of play.
2:20 of 1st period - Nico Hischier wins face-off versus Jared McCann in Detroit Red Wings zone.
2:25 of 1st period - Snap shot by Jason Robertson.
2:25 of 1st period - Stopped by Semyon Varlamov with a rebound.
2:43 of 1st period - Icing by Ian Cole.
2:44 of 1st period - Brayden Point wins face-off versus Jonathan Huberdeau in Washington Capitals zone.
2:51 of 1st period - Backhand shot by Jonathan Huberdeau.
2:51 of 1st period - Deflect By Auston Matthews.
2:51 of 1st period - Stopped by Jake Oettinger without a rebound.
2:52 of 1st period - Brayden Point wins face-off versus Arthur Kaliyev in Washington Capitals zone.
3:03 of 1st period - Slapshot by Brayden Point.
3:03 of 1st period - Goal by Brayden Point - Washington Capitals : 1 - Detroit Red Wings : 1.
3:04 of 1st period - Barrett Hayton wins face-off versus Brock Nelson in neutral zone.
3:59 of 1st period - Wrist shot by Patrick Kane.
3:59 of 1st period - Shot Blocked by Kris Letang.
4:01 of 1st period - Wrist shot by Alex Ovechkin.
4:01 of 1st period - Stopped by Semyon Varlamov with a rebound.
4:15 of 1st period - Slapshot by Brad Marchand.
4:15 of 1st period - Stopped by Semyon Varlamov with a rebound.
4:25 of 1st period - Snap shot by Jason Robertson.
4:25 of 1st period - Shot Misses the Net.
4:35 of 1st period - MacKenzie Weegar is hit by Nikita Zaitsev.
4:39 of 1st period - Wrist shot by Jordan Kyrou.
4:39 of 1st period - Stopped by Semyon Varlamov with a rebound.
5:32 of 1st period - Brock Nelson is hit by Nick Jensen.
7:17 of 1st period - Minor Penalty to Erik Cernak for Hooking.
7:18 of 1st period - Auston Matthews wins face-off versus Isac Lundestrom in Washington Capitals zone.
7:20 of 1st period - Snap shot by Jonathan Huberdeau.
7:20 of 1st period - Goal by Jonathan Huberdeau - Washington Capitals : 1 - Detroit Red Wings : 2.
7:21 of 1st period - Mika Zibanejad wins face-off versus Nico Hischier in neutral zone.
7:26 of 1st period - Slapshot by Sean Couturier.
7:26 of 1st period - Shot Blocked by John Carlson.
7:28 of 1st period - Wrist shot by Jared McCann.
7:28 of 1st period - Stopped by Jake Oettinger with a rebound.
7:30 of 1st period - Wrist shot by Sean Couturier.
7:30 of 1st period - Stopped by Jake Oettinger with a rebound.
7:34 of 1st period - Wrist shot by Mika Zibanejad.
7:34 of 1st period - Stopped by Jake Oettinger with a rebound.
7:36 of 1st period - Slapshot by Jared McCann.
7:36 of 1st period - Stopped by Jake Oettinger without a rebound.
7:37 of 1st period - Brayden Point wins face-off versus Auston Matthews in Washington Capitals zone.
7:42 of 1st period - Jonathan Huberdeau is hit by Brayden Point and loses puck.
8:33 of 1st period - Snap shot by Brock Nelson.
8:33 of 1st period - Stopped by Jake Oettinger with a rebound.
8:35 of 1st period - Slapshot by Kris Letang.
8:35 of 1st period - Shot Misses the Net.
8:51 of 1st period - Keith Yandle is hit by Fabian Zetterlund and loses puck.
9:12 of 1st period - Wrist shot by Patrick Kane.
9:12 of 1st period - Stopped by Semyon Varlamov with a rebound.
9:14 of 1st period - Slapshot by Erik Cernak.
9:14 of 1st period - Shot Misses the Net.
9:16 of 1st period - Backhand shot by Alex Ovechkin.
9:16 of 1st period - Shot Misses the Net.
9:28 of 1st period - Slapshot by Jared McCann.
9:28 of 1st period - Stopped by Jake Oettinger with a rebound.
9:45 of 1st period - Icing by Fabian Zetterlund.
9:46 of 1st period - Brock Nelson wins face-off versus Isac Lundestrom in Washington Capitals zone.
9:59 of 1st period - Wrist shot by Fabian Zetterlund.
9:59 of 1st period - Shot Misses the Net.
10:01 of 1st period - Wrist shot by Isac Lundestrom.
10:01 of 1st period - Shot Misses the Net.
10:37 of 1st period - Slapshot by Nico Hischier.
10:37 of 1st period - Shot Misses the Net.
10:39 of 1st period - Snap shot by Nikita Zaitsev.
10:39 of 1st period - Shot Blocked by Mika Zibanejad.
11:01 of 1st period - Slapshot by Nick Ritchie.
11:01 of 1st period - Stopped by Jake Oettinger with a rebound.
11:03 of 1st period - Snap shot by Tyler Ennis.
11:03 of 1st period - Stopped by Jake Oettinger with a rebound.
11:05 of 1st period - Slapshot by MacKenzie Weegar.
11:05 of 1st period - Shot Misses the Net.
11:41 of 1st period - Slapshot by Patrick Kane.
11:41 of 1st period - Stopped by Semyon Varlamov with a rebound.
11:47 of 1st period - Jason Spezza is hit by Brayden Point and loses puck.
11:56 of 1st period - Slapshot by Daniel Sprong.
11:56 of 1st period - Deflect By Nico Hischier.
11:56 of 1st period - Stopped by Jake Oettinger without a rebound.
11:57 of 1st period - Brad Marchand wins face-off versus Auston Matthews in Washington Capitals zone.
12:22 of 1st period - Kris Letang is hit by Nico Hischier and loses puck.
12:32 of 1st period - Off-side.
12:33 of 1st period - Auston Matthews wins face-off versus Brayden Point in neutral zone.
12:46 of 1st period - Snap shot by Brayden Point.
12:46 of 1st period - Stopped by Semyon Varlamov with a rebound.
12:48 of 1st period - Slapshot by John Carlson.
12:48 of 1st period - Stopped by Semyon Varlamov without a rebound.
12:49 of 1st period - Mika Zibanejad wins face-off versus Barrett Hayton in Detroit Red Wings zone.
13:22 of 1st period - Snap shot by Jonathan Huberdeau.
13:22 of 1st period - Stopped by Jake Oettinger without a rebound.
13:23 of 1st period - Brayden Point wins face-off versus Auston Matthews in Washington Capitals zone.
13:23 of 1st period - Brayden Point is hit by Arthur Kaliyev.
13:45 of 1st period - Minor Penalty to Shayne Gostisbehere for Tripping.
13:46 of 1st period - Brayden Point wins face-off versus Auston Matthews in Detroit Red Wings zone.
13:47 of 1st period - Snap shot by Patrick Kane.
13:47 of 1st period - Shot Misses the Net.
13:49 of 1st period - Snap shot by Alex Ovechkin.
13:49 of 1st period - Shot Misses the Net.
13:57 of 1st period - Slapshot by Brayden Point.
13:57 of 1st period - Stopped by Semyon Varlamov with a rebound.
13:59 of 1st period - Snap shot by Brayden Point.
13:59 of 1st period - Stopped by Semyon Varlamov without a rebound.
14:00 of 1st period - Brayden Point wins face-off versus Mika Zibanejad in Detroit Red Wings zone.
15:45 of 1st period - Penalty to Shayne Gostisbehere is over, Shayne Gostisbehere is back on ice.
16:00 of 1st period - Off-side.
16:01 of 1st period - Jason Spezza wins face-off versus Isac Lundestrom in neutral zone.
16:27 of 1st period - Jonathan Huberdeau is hit by Drake Batherson and loses puck.
16:50 of 1st period - Snap shot by Patrick Kane.
16:50 of 1st period - Shot Blocked by Michael Del Zotto.
16:52 of 1st period - Slapshot by Connor Murphy.
16:52 of 1st period - Shot Blocked by Mika Zibanejad.
17:23 of 1st period - Snap shot by Jason Spezza.
17:23 of 1st period - Stopped by Jake Oettinger with a rebound.
17:25 of 1st period - Backhand shot by Michael Del Zotto.
17:25 of 1st period - Shot Blocked by John Carlson.
17:27 of 1st period - Wrist shot by Daniel Sprong.
17:27 of 1st period - Stopped by Jake Oettinger with a rebound.
17:29 of 1st period - Slapshot by Daniel Sprong.
17:29 of 1st period - Shot Misses the Net.
17:33 of 1st period - Snap shot by Jason Zucker.
17:33 of 1st period - Stopped by Jake Oettinger with a rebound.
18:32 of 1st period - Snap shot by Jared McCann.
18:32 of 1st period - Shot Misses the Net.
18:34 of 1st period - Snap shot by Jared McCann.
18:34 of 1st period - Shot Blocked by Nick Jensen.
18:56 of 1st period - Wrist shot by Brock Nelson.
18:56 of 1st period - Stopped by Jake Oettinger without a rebound.
18:57 of 1st period - Brayden Point wins face-off versus Brock Nelson in Washington Capitals zone.
19:14 of 1st period - Snap shot by Patrick Kane.
19:14 of 1st period - Shot Blocked by Tyler Ennis.
19:57 of 1st period - Wrist shot by Fabian Zetterlund.
19:57 of 1st period - Stopped by Semyon Varlamov without a rebound.
19:58 of 1st period - Auston Matthews wins face-off versus Brayden Point in Detroit Red Wings zone.
19:58 of 1st period - Auston Matthews is hit by Alex Ovechkin.
0:00 of 2nd period - Minor Penalty to Kris Letang for Roughing.
Goals for this period are 1 for Washington Capitals vs 2 for Detroit Red Wings.
Shots for this period are 14 for Washington Capitals vs 19 for Detroit Red Wings.
2nd period
0:01 of 2nd period - Brayden Point wins face-off versus Mika Zibanejad in neutral zone.
0:04 of 2nd period - Wrist shot by Patrick Kane.
0:04 of 2nd period - Stopped by Semyon Varlamov without a rebound.
0:05 of 2nd period - Mika Zibanejad wins face-off versus Brayden Point in Detroit Red Wings zone.
0:05 of 2nd period - Mika Zibanejad is hit by Erik Cernak.
0:43 of 2nd period - Auston Matthews is hit by Brad Marchand.
2:00 of 2nd period - Penalty to Kris Letang is over, Kris Letang is back on ice.
2:28 of 2nd period - Off-side.
2:29 of 2nd period - Auston Matthews wins face-off versus Barrett Hayton in neutral zone.
2:52 of 2nd period - Sean Couturier is hit by Owen Tippett and loses puck.
3:03 of 2nd period - Wrist shot by Jared McCann.
3:03 of 2nd period - Stopped by Jake Oettinger with a rebound.
3:19 of 2nd period - Wrist shot by Brock Nelson.
3:19 of 2nd period - Shot Misses the Net.
3:21 of 2nd period - Slapshot by Michael Del Zotto.
3:21 of 2nd period - Shot Blocked by Nico Hischier.
3:23 of 2nd period - Slapshot by Michael Del Zotto.
3:23 of 2nd period - Deflect By Brock Nelson.
3:23 of 2nd period - Stopped by Jake Oettinger with a rebound.
3:25 of 2nd period - Snap shot by Nick Ritchie.
3:25 of 2nd period - Stopped by Jake Oettinger without a rebound.
3:26 of 2nd period - Brayden Point wins face-off versus Auston Matthews in Washington Capitals zone.
3:26 of 2nd period - Brayden Point is hit by Kris Letang.
3:53 of 2nd period - Nico Hischier is hit by Nick Ritchie and loses puck.
4:00 of 2nd period - Snap shot by Jason Robertson.
4:00 of 2nd period - Stopped by Semyon Varlamov without a rebound.
4:01 of 2nd period - Auston Matthews wins face-off versus Brayden Point in Detroit Red Wings zone.
4:17 of 2nd period - Icing by Patrick Kane.
4:18 of 2nd period - Brayden Point wins face-off versus Mika Zibanejad in Washington Capitals zone.
4:29 of 2nd period - Snap shot by Sean Couturier.
4:29 of 2nd period - Shot Blocked by Nikita Zaitsev.
4:51 of 2nd period - Backhand shot by Brad Marchand.
4:51 of 2nd period - Deflect By Jason Robertson.
4:51 of 2nd period - Goal by Jason Robertson - Washington Capitals : 2 - Detroit Red Wings : 2.
4:52 of 2nd period - Auston Matthews wins face-off versus Brayden Point in neutral zone.
4:55 of 2nd period - Snap shot by Jonathan Huberdeau.
4:55 of 2nd period - Stopped by Jake Oettinger without a rebound.
4:56 of 2nd period - Brayden Point wins face-off versus Auston Matthews in Washington Capitals zone.
5:05 of 2nd period - Arthur Kaliyev is hit by Brayden Point and loses puck.
6:53 of 2nd period - Snap shot by Jared McCann.
6:53 of 2nd period - Stopped by Jake Oettinger without a rebound.
6:54 of 2nd period - Mika Zibanejad wins face-off versus Nico Hischier in Washington Capitals zone.
7:30 of 2nd period - Snap shot by Sean Couturier.
7:30 of 2nd period - Stopped by Jake Oettinger without a rebound.
7:31 of 2nd period - Nico Hischier wins face-off versus Auston Matthews in Washington Capitals zone.
8:19 of 2nd period - Jason Spezza is hit by Barrett Hayton and loses puck.
8:26 of 2nd period - Snap shot by Jordan Kyrou.
8:26 of 2nd period - Shot Misses the Net.
8:28 of 2nd period - Wrist shot by Jordan Kyrou.
8:28 of 2nd period - Stopped by Semyon Varlamov without a rebound.
8:29 of 2nd period - Auston Matthews wins face-off versus Alex Ovechkin in Detroit Red Wings zone.
10:43 of 2nd period - Off-side.
10:44 of 2nd period - Brock Nelson wins face-off versus Nico Hischier in neutral zone.
12:20 of 2nd period - Snap shot by Jason Robertson.
12:20 of 2nd period - Stopped by Semyon Varlamov with a rebound.
12:39 of 2nd period - Ian Cole is hit by Shayne Gostisbehere and loses puck.
13:29 of 2nd period - Connor Murphy is hit by MacKenzie Weegar and loses puck.
13:40 of 2nd period - Jamie Drysdale is hit by Nikita Zaitsev and loses puck.
13:59 of 2nd period - Wrist shot by Tyler Ennis.
13:59 of 2nd period - Shot Misses the Net.
14:11 of 2nd period - Connor Murphy is hit by Sean Couturier and loses puck.
14:50 of 2nd period - Wrist shot by Jordan Kyrou.
14:50 of 2nd period - Shot Misses the Net.
14:52 of 2nd period - Snap shot by Drake Batherson.
14:52 of 2nd period - Deflect By Barrett Hayton.
14:52 of 2nd period - Shot Misses the Net.
14:52 of 2nd period - Puck is out of play.
14:53 of 2nd period - Barrett Hayton wins face-off versus Mika Zibanejad in Detroit Red Wings zone.
15:40 of 2nd period - Wrist shot by Jordan Kyrou.
15:40 of 2nd period - Shot Misses the Net.
15:42 of 2nd period - Snap shot by Drake Batherson.
15:42 of 2nd period - Shot Blocked by MacKenzie Weegar.
15:44 of 2nd period - Snap shot by Jordan Kyrou.
15:44 of 2nd period - Stopped by Semyon Varlamov with a rebound.
16:20 of 2nd period - Wrist shot by Drake Batherson.
16:20 of 2nd period - Stopped by Semyon Varlamov with a rebound.
16:22 of 2nd period - Slapshot by Erik Cernak.
16:22 of 2nd period - Shot Blocked by Sean Couturier.
16:24 of 2nd period - Wrist shot by Barrett Hayton.
16:24 of 2nd period - Deflect By Sean Couturier.
16:24 of 2nd period - Shot Blocked by Kris Letang.
16:24 of 2nd period - Puck is out of play.
16:25 of 2nd period - Brayden Point wins face-off versus Auston Matthews in Detroit Red Wings zone.
16:40 of 2nd period - Snap shot by Brayden Point.
16:40 of 2nd period - Stopped by Semyon Varlamov with a rebound.
16:42 of 2nd period - Snap shot by Ian Cole.
16:42 of 2nd period - Deflect By Jonathan Huberdeau.
16:42 of 2nd period - Stopped by Semyon Varlamov without a rebound.
16:43 of 2nd period - Nico Hischier wins face-off versus Mika Zibanejad in Detroit Red Wings zone.
16:44 of 2nd period - Slapshot by Brad Marchand.
16:44 of 2nd period - Shot Misses the Net.
16:54 of 2nd period - Slapshot by Michael Del Zotto.
16:54 of 2nd period - Shot Misses the Net.
16:56 of 2nd period - Snap shot by Jared McCann.
16:56 of 2nd period - Deflect By Mika Zibanejad.
16:56 of 2nd period - Stopped by Jake Oettinger with a rebound.
16:58 of 2nd period - Slapshot by Michael Del Zotto.
16:58 of 2nd period - Stopped by Jake Oettinger without a rebound.
16:59 of 2nd period - Brayden Point wins face-off versus Auston Matthews in Washington Capitals zone.
17:08 of 2nd period - Wrist shot by Auston Matthews.
17:08 of 2nd period - Deflect By Jonathan Huberdeau.
17:08 of 2nd period - Shot Blocked by Nick Jensen.
17:08 of 2nd period - Puck is out of play.
17:09 of 2nd period - Brayden Point wins face-off versus Auston Matthews in Washington Capitals zone.
17:24 of 2nd period - Alex Ovechkin is hit by Arthur Kaliyev and loses puck.
17:33 of 2nd period - Slapshot by Patrick Kane.
17:33 of 2nd period - Shot Blocked by Kris Letang.
17:39 of 2nd period - Jonathan Huberdeau is hit by Brayden Point and loses puck.
17:47 of 2nd period - Off-side.
17:48 of 2nd period - Nico Hischier wins face-off versus Mika Zibanejad in neutral zone.
18:01 of 2nd period - Snap shot by Shayne Gostisbehere.
18:01 of 2nd period - Stopped by Jake Oettinger without a rebound.
18:02 of 2nd period - Nico Hischier wins face-off versus Jared McCann in Washington Capitals zone.
18:02 of 2nd period - John Carlson is hit by Kris Letang and loses puck.
18:18 of 2nd period - Snap shot by Jared McCann.
18:18 of 2nd period - Shot Blocked by John Carlson.
18:28 of 2nd period - Brayden Point is hit by Kris Letang and loses puck.
19:08 of 2nd period - Slapshot by Owen Tippett.
19:08 of 2nd period - Shot Misses the Net.
19:30 of 2nd period - Slapshot by Jamie Drysdale.
19:30 of 2nd period - Stopped by Jake Oettinger without a rebound.
19:31 of 2nd period - Nico Hischier wins face-off versus Mika Zibanejad in Washington Capitals zone.
Goals for this period are 1 for Washington Capitals vs 0 for Detroit Red Wings.
Shots for this period are 9 for Washington Capitals vs 10 for Detroit Red Wings.
3rd period
0:01 of 3rd period - Brayden Point wins face-off versus Auston Matthews in neutral zone.
0:12 of 3rd period - Snap shot by Brayden Point.
0:12 of 3rd period - Stopped by Semyon Varlamov without a rebound.
0:13 of 3rd period - Auston Matthews wins face-off versus Brayden Point in Detroit Red Wings zone.
0:20 of 3rd period - Wrist shot by Auston Matthews.
0:20 of 3rd period - Stopped by Jake Oettinger without a rebound.
0:21 of 3rd period - Auston Matthews wins face-off versus Brayden Point in Washington Capitals zone.
0:48 of 3rd period - Slapshot by John Carlson.
0:48 of 3rd period - Shot Blocked by Jamie Drysdale.
1:02 of 3rd period - Wrist shot by Auston Matthews.
1:02 of 3rd period - Deflect By Jonathan Huberdeau.
1:02 of 3rd period - Stopped by Jake Oettinger with a rebound.
1:04 of 3rd period - Wrist shot by Arthur Kaliyev.
1:04 of 3rd period - Stopped by Jake Oettinger without a rebound.
1:05 of 3rd period - Mika Zibanejad wins face-off versus Nico Hischier in Washington Capitals zone.
1:06 of 3rd period - Slapshot by Sean Couturier.
1:06 of 3rd period - Stopped by Jake Oettinger with a rebound.
1:32 of 3rd period - Nico Hischier is hit by Daniel Sprong and loses puck.
1:49 of 3rd period - Slapshot by Brad Marchand.
1:49 of 3rd period - Stopped by Semyon Varlamov without a rebound.
1:50 of 3rd period - Brayden Point wins face-off versus Jonathan Huberdeau in Detroit Red Wings zone.
1:51 of 3rd period - Wrist shot by Alex Ovechkin.
1:51 of 3rd period - Shot Misses the Net.
1:57 of 3rd period - Patrick Kane is hit by Kris Letang and loses puck.
2:20 of 3rd period - Snap shot by Jordan Kyrou.
2:20 of 3rd period - Shot Blocked by Mika Zibanejad.
2:22 of 3rd period - Snap shot by Drake Batherson.
2:22 of 3rd period - Shot Blocked by MacKenzie Weegar.
2:37 of 3rd period - Kris Letang is hit by Nikita Zaitsev and loses puck.
3:47 of 3rd period - Snap shot by Mika Zibanejad.
3:47 of 3rd period - Shot Misses the Net.
4:29 of 3rd period - Wrist shot by Jason Robertson.
4:29 of 3rd period - Deflect By Kris Letang.
4:29 of 3rd period - Shot Misses the Net.
4:29 of 3rd period - Puck is out of play.
4:30 of 3rd period - Auston Matthews wins face-off versus Nico Hischier in Detroit Red Wings zone.
4:36 of 3rd period - Icing by MacKenzie Weegar.
4:37 of 3rd period - Brayden Point wins face-off versus Auston Matthews in Detroit Red Wings zone.
4:42 of 3rd period - Wrist shot by Brayden Point.
4:42 of 3rd period - Stopped by Semyon Varlamov with a rebound.
4:48 of 3rd period - Snap shot by Kris Letang.
4:48 of 3rd period - Shot Misses the Net.
4:50 of 3rd period - Slapshot by Jonathan Huberdeau.
4:50 of 3rd period - Deflect By Arthur Kaliyev.
4:50 of 3rd period - Shot Misses the Net.
4:50 of 3rd period - Puck is out of play.
4:51 of 3rd period - Brayden Point wins face-off versus Auston Matthews in Washington Capitals zone.
4:53 of 3rd period - Icing by Patrick Kane.
4:54 of 3rd period - Brayden Point wins face-off versus Auston Matthews in Washington Capitals zone.
4:59 of 3rd period - Wrist shot by Brayden Point.
4:59 of 3rd period - Stopped by Semyon Varlamov without a rebound.
5:00 of 3rd period - Brayden Point wins face-off versus Auston Matthews in Detroit Red Wings zone.
5:41 of 3rd period - Slapshot by Patrick Kane.
5:41 of 3rd period - Shot Misses the Net.
5:43 of 3rd period - Snap shot by Patrick Kane.
5:43 of 3rd period - Shot Misses the Net.
5:45 of 3rd period - Slapshot by Erik Cernak.
5:45 of 3rd period - Deflect By Kris Letang.
5:45 of 3rd period - Stopped by Semyon Varlamov with a rebound.
5:47 of 3rd period - Wrist shot by Erik Cernak.
5:47 of 3rd period - Stopped by Semyon Varlamov without a rebound.
5:48 of 3rd period - Nico Hischier wins face-off versus Mika Zibanejad in Detroit Red Wings zone.
5:51 of 3rd period - Snap shot by Jason Robertson.
5:51 of 3rd period - Shot Blocked by Mika Zibanejad.
5:53 of 3rd period - Slapshot by Ian Cole.
5:53 of 3rd period - Shot Misses the Net.
5:55 of 3rd period - Slapshot by Nick Jensen.
5:55 of 3rd period - Stopped by Semyon Varlamov without a rebound.
5:56 of 3rd period - Mika Zibanejad wins face-off versus Nico Hischier in Detroit Red Wings zone.
6:07 of 3rd period - Snap shot by Nico Hischier.
6:07 of 3rd period - Shot Misses the Net.
6:11 of 3rd period - Wrist shot by Jason Robertson.
6:11 of 3rd period - Stopped by Semyon Varlamov without a rebound.
6:12 of 3rd period - Auston Matthews wins face-off versus Brayden Point in Detroit Red Wings zone.
6:12 of 3rd period - Auston Matthews is hit by Patrick Kane.
6:28 of 3rd period - Snap shot by Patrick Kane.
6:28 of 3rd period - Stopped by Semyon Varlamov with a rebound.
7:17 of 3rd period - Minor Penalty to Nick Ritchie for Boarding.
7:18 of 3rd period - Sean Couturier wins face-off versus Brayden Point in Detroit Red Wings zone.
7:31 of 3rd period - Wrist shot by Brayden Point.
7:31 of 3rd period - Stopped by Semyon Varlamov with a rebound.
7:33 of 3rd period - Slapshot by Connor Murphy.
7:33 of 3rd period - Shot Blocked by Michael Del Zotto.
7:45 of 3rd period - Brad Marchand is hit by Michael Del Zotto and loses puck.
9:07 of 3rd period - Icing by John Carlson.
9:08 of 3rd period - Barrett Hayton wins face-off versus Auston Matthews in Washington Capitals zone.
9:17 of 3rd period - Penalty to Nick Ritchie is over, Nick Ritchie is back on ice.
9:29 of 3rd period - Slapshot by John Carlson.
9:29 of 3rd period - Stopped by Semyon Varlamov with a rebound.
9:51 of 3rd period - Keith Yandle is hit by Jordan Kyrou and loses puck.
10:43 of 3rd period - Isac Lundestrom is hit by MacKenzie Weegar and loses puck.
11:18 of 3rd period - Brock Nelson is hit by Connor Murphy and loses puck.
11:54 of 3rd period - Off-side.
11:55 of 3rd period - Isac Lundestrom wins face-off versus Mika Zibanejad in neutral zone.
12:25 of 3rd period - Icing by Jared McCann.
12:26 of 3rd period - Jared McCann wins face-off versus Brayden Point in Detroit Red Wings zone.
12:31 of 3rd period - Slapshot by Kris Letang.
12:31 of 3rd period - Stopped by Jake Oettinger with a rebound.
12:33 of 3rd period - Wrist shot by Jared McCann.
12:33 of 3rd period - Shot Misses the Net.
12:35 of 3rd period - Slapshot by Kris Letang.
12:35 of 3rd period - Shot Blocked by Erik Cernak.
12:37 of 3rd period - Slapshot by Sean Couturier.
12:37 of 3rd period - Shot Misses the Net.
12:41 of 3rd period - Slapshot by Mika Zibanejad.
12:41 of 3rd period - Deflect By Jared McCann.
12:41 of 3rd period - Stopped by Jake Oettinger without a rebound.
12:42 of 3rd period - Nico Hischier wins face-off versus Auston Matthews in Washington Capitals zone.
12:53 of 3rd period - Arthur Kaliyev is hit by Brad Marchand and loses puck.
13:15 of 3rd period - Erik Cernak is hit by Jonathan Huberdeau and loses puck.
13:32 of 3rd period - Jonathan Huberdeau is hit by Brad Marchand and loses puck.
13:37 of 3rd period - Snap shot by Nico Hischier.
13:37 of 3rd period - Stopped by Semyon Varlamov with a rebound.
13:39 of 3rd period - Wrist shot by Brad Marchand.
13:39 of 3rd period - Shot Misses the Net.
13:47 of 3rd period - Wrist shot by Nico Hischier.
13:47 of 3rd period - Stopped by Semyon Varlamov without a rebound.
13:48 of 3rd period - Mika Zibanejad wins face-off versus Brayden Point in Detroit Red Wings zone.
13:55 of 3rd period - Wrist shot by Jared McCann.
13:55 of 3rd period - Shot Blocked by Patrick Kane.
13:57 of 3rd period - Slapshot by MacKenzie Weegar.
13:57 of 3rd period - Shot Misses the Net.
14:15 of 3rd period - Tyler Ennis is hit by Nick Jensen and loses puck.
14:25 of 3rd period - Icing by Jamie Drysdale.
14:26 of 3rd period - Barrett Hayton wins face-off versus Brock Nelson in Detroit Red Wings zone.
14:29 of 3rd period - Slapshot by Barrett Hayton.
14:29 of 3rd period - Stopped by Semyon Varlamov without a rebound.
14:30 of 3rd period - Mika Zibanejad wins face-off versus Barrett Hayton in Detroit Red Wings zone.
14:45 of 3rd period - Snap shot by Mika Zibanejad.
14:45 of 3rd period - Shot Blocked by Nikita Zaitsev.
15:01 of 3rd period - Snap shot by Patrick Kane.
15:01 of 3rd period - Deflect By Brayden Point.
15:01 of 3rd period - Shot Misses the Net.
15:01 of 3rd period - Puck is out of play.
15:02 of 3rd period - Brock Nelson wins face-off versus Brayden Point in Detroit Red Wings zone.
15:27 of 3rd period - Jonathan Huberdeau is hit by John Carlson and loses puck.
15:51 of 3rd period - Slapshot by John Carlson.
15:51 of 3rd period - Stopped by Semyon Varlamov without a rebound.
15:52 of 3rd period - Mika Zibanejad wins face-off versus Nico Hischier in Detroit Red Wings zone.
16:07 of 3rd period - Slapshot by Nico Hischier.
16:07 of 3rd period - Goal by Nico Hischier - Washington Capitals : 3 - Detroit Red Wings : 2.
16:08 of 3rd period - Brayden Point wins face-off versus Brock Nelson in neutral zone.
17:17 of 3rd period - Wrist shot by Jason Zucker.
17:17 of 3rd period - Shot Misses the Net.
17:34 of 3rd period - Brad Marchand is hit by Tyler Ennis and loses puck.
18:13 of 3rd period - Snap shot by Mika Zibanejad.
18:13 of 3rd period - Shot Misses the Net.
18:15 of 3rd period - Wrist shot by Sean Couturier.
18:15 of 3rd period - Stopped by Jake Oettinger without a rebound.
18:16 of 3rd period - Mika Zibanejad wins face-off versus Brayden Point in Washington Capitals zone.
18:40 of 3rd period - Shayne Gostisbehere is hit by John Carlson and loses puck.
19:06 of 3rd period - Alex Ovechkin is hit by Mika Zibanejad.
19:14 of 3rd period - Snap shot by John Carlson.
19:14 of 3rd period - Deflect By Jared McCann.
19:14 of 3rd period - Stopped by Semyon Varlamov with a rebound.
19:16 of 3rd period - Slapshot by John Carlson.
19:16 of 3rd period - Deflect By Brayden Point.
19:16 of 3rd period - Shot Misses the Net.
19:16 of 3rd period - Puck is out of play.
19:17 of 3rd period - David Quinn call a timeout for Detroit Red Wings.
19:17 of 3rd period - Auston Matthews wins face-off versus Isac Lundestrom in Detroit Red Wings zone.
19:45 of 3rd period - Off-side.
19:46 of 3rd period - Isac Lundestrom wins face-off versus Auston Matthews in neutral zone.
19:49 of 3rd period - Wrist shot by Barrett Hayton.
19:49 of 3rd period - Stopped by Semyon Varlamov with a rebound.
19:57 of 3rd period - Detroit Red Wings, Semyon Varlamov is pulled from the net.
Goals for this period are 1 for Washington Capitals vs 0 for Detroit Red Wings.
Shots for this period are 18 for Washington Capitals vs 7 for Detroit Red Wings.
Back to the Top